 Dungeon Crawl Stone Soup version 0.27-a0-1456-gf5a116941d (webtiles) character file.

Game seed: 4159242336787215775

94 tsouns the Skirmisher (level 4, -3/35 HPs)
             Began as a Demonspawn Artificer on July 7, 2021.
             Was a Believer of Fedhas.
             Slain by Ijyb (6 damage)
             ... on level 3 of the Dungeon.
             The game lasted 00:04:21 (2424 turns).

tsouns the Skirmisher (Demonspawn Artificer)        Turns: 2424, Time: 00:04:21

Health: -3/35      AC:  8    Str: 19    XL:     4   Next: 38%
Magic:  4/4        EV:  7    Int: 13    God:    Fedhas [**....]
Gold:   110        SH:  0    Dex: 13    Spells: 3/3 levels left

rFire    . . .     SeeInvis .   r - +0 morningstar
rCold    . . .     Faith    .   (no shield)
rNeg     . . .     Spirit   .   j - +0 chain mail
rPois    .         Reflect  .   (no helmet)
rElec    .         Harm     .   (no cloak)
rCorr    .         Rampage  .   (no gloves)
Will     .....                  (no boots)
Stlth    ..........             (no amulet)
HPRegen  0.11/turn              s - +6 ring of strength
MPRegen  0.09/turn              (no ring)

@: no status effects
A: talons 1, foul stench 1
a: Renounce Religion, Wall of Briars


You were on level 3 of the Dungeon.
You worshipped Fedhas.
Fedhas was pleased with you.
You visited 1 branch of the dungeon, and saw 3 of its levels.

You collected 110 gold pieces.

Inventory:

Hand Weapons
 a - a +0 club
 i - a +0 mace
 m - a +0 flail
 r - a +0 morningstar (weapon)
Missiles
 u - 5 curare-tipped darts (quivered)
Armour
 b - a +0 leather armour
 f - a +0 ring mail
 j - a +0 chain mail (worn)
Jewellery
 s - a +6 ring of strength (left hand)
Wands
 c - a wand of flame (6)
 d - a wand of charming (14)
Scrolls
 n - a scroll of fog {unknown}
 p - 2 scrolls of identify
 t - a scroll of enchant weapon {unknown}
Potions
 g - a potion of ambrosia
 h - a potion of degeneration {unknown}
 k - a potion of curing {unknown}
 l - 2 potions of magic {unknown}
 o - a potion of lignification {unknown}
 q - a potion of flight {unknown}
Miscellaneous
 e - a piece from Xom's chessboard (15/15)


   Skills:
 + Level 3.2 Fighting
 + Level 2.3 Maces & Flails
 - Level 1.7 Armour
 - Level 0.8 Dodging
 - Level 0.8 Stealth
 - Level 3.0 Evocations


You had 3 spell levels left.
You didn't know any spells.
Your spell library contained the following spells:

 Spells                   Type           Power      Damage    Failure   Level
 Airstrike                Air            0%         N/A       100%        4
 Summon Lightning Spire   Summ/Air       0%         N/A       100%        4
 Lightning Bolt           Conj/Air       0%         1d11      100%        5


Dungeon Overview and Level Annotations

Branches:
Dungeon (3/15)

Altars:
Fedhas

Annotations:
D:3 Ijyb


Innate Abilities, Weirdness & Mutations

You have sharp toenails.
You may rarely emit foul miasma when damaged in melee.


Message History

Ijyb is heavily wounded.
A worm comes into view.
Your chain mail prevents you from hitting the adder.
Your kick misses the adder. The adder barely misses you. The adder bites you.
You hit the adder. Your kick misses the adder.
The adder is moderately wounded.
The adder bites you but does no damage. The adder bites you.
You are poisoned.
The adder poisons you!
You barely miss the adder. You claw the adder!
The adder is almost dead.
You feel very sick. The adder bites you but does no damage.
The adder bites you.
You closely miss the adder. Your kick misses the adder.
The adder is almost dead.
You feel sick. The adder bites you. The adder bites you but does no damage.
You barely miss the adder. You claw the adder.
You kill the adder!
Fedhas appreciates your contribution to the ecosystem.
You can now encircle yourself with summoned briar patches.
You feel sick.
You hit Ijyb. You claw Ijyb, but do no damage.
Ijyb is severely wounded.
You feel sick. Ijyb hits you but does no damage.
You hit Ijyb but do no damage.
Ijyb is severely wounded.
You feel sick.
You are no longer poisoned.
Ijyb barely misses you.
You closely miss Ijyb.
Ijyb is almost dead.
Ijyb zaps a wand.
The bolt of acid hits you!
* * * LOW HITPOINT WARNING * * *
You are splashed with acid!
* * * LOW HITPOINT WARNING * * *
You hit Ijyb but do no damage. You claw Ijyb.
Ijyb is almost dead.
Ijyb is no longer moving slowly.
Ijyb hits you with a +0 club.
You die...
Fedhas appreciates your contribution to the ecosystem.

.. ... .. # .. .# #.##
..# .#.#.. ..# .....
...##. .#.#####
(.#######...... ........
..(g...w...#### ....#
#########g.......
<...#####.(..<).@##.##...
..................# #
.......##.........#
.....#.##.....#......
#.............#.#.#.#
.......##.....#.#.#.#
.......###........# .
...##.## #......### ##
........ #....#


You could see Ijyb (poisoned) and a worm.

Vanquished Creatures
  4 adders
  A gnoll (D:2)
  A dart slug (D:2)
  5 bats
  4 endoplasms
  2 goblins
  5 hobgoblins
  2 jackals (D:2)
  4 kobolds
  A quokka (D:3)
  A ball python (D:3)
  2 frilled lizards
  3 rats
35 creatures vanquished.

Vanquished Creatures (collateral kills)
  2 gnolls (D:2)
  A ball python (D:2)
3 creatures vanquished.

Vanquished Creatures (others)
  A gnoll (D:2)
1 creature vanquished.

Grand Total: 39 creatures vanquished

Notes
Turn   | Place    | Note
-------+----------+-------------------------------------------
     0 | D:1      | tsouns the Demonspawn Artificer began the quest for the
                  | Orb.
     0 | D:1      | Reached XP level 1. HP: 15/15 MP: 1/1
   280 | D:1      | Found a faded altar of an unknown god.
   317 | D:1      | Became a worshipper of Fedhas Madash
   317 | D:1      | Reached * piety under Fedhas
   460 | D:1      | Gained mutation: You may rarely emit foul miasma when
                  | damaged in melee. [demonic ancestry]
   460 | D:1      | Reached XP level 2. HP: 22/22 MP: 2/2
   992 | D:2      | Reached skill level 1 in Maces & Flails
  1318 | D:2      | Reached XP level 3. HP: 28/28 MP: 3/3
  2087 | D:2      | Gained mutation: You have sharp toenails. [demonic
                  | ancestry]
  2087 | D:2      | Reached XP level 4. HP: 32/34 MP: 4/4
  2233 | D:3      | Noticed Ijyb
  2420 | D:3      | Reached ** piety under Fedhas
  2424 | D:3      | Slain by Ijyb

Illustrated notes

Levels and vault maps discovered:
D:1:      nagdon_arrival_zigzag_paths, layout_loops_corners,
          hellmonk_ecumenical_altar_crossroads
D:2:      layout_basic, small_statue_intersection, minmay_misc_feat_room
D:3:      minmay_roachtagon, layout_basic, fiery_altar_vehumet,
          minmay_divided_ellipse, uniq_ijyb, uniq_robin

Skill      XL: |  1  2  3 |
---------------+----------+-----
Fighting       | 2 3 |  3.2
Maces & Flails | 1 2 |  2.3
Armour         | |  1.7
Dodging        | |  0.8
Stealth        | |  0.8
Evocations     | |  3.0

Action                   |  1- 3 |  4- 6 || total
-------------------------+-------+-------++-------
Melee: Club              |    24 |       ||    24
       Mace              |    31 |       ||    31
       Flail             |    30 |       ||    30
       Morningstar       |     3 |    24 ||    27
       Kick              |       |     6 ||     6
Throw: Dart              |       |     2 ||     2
Evoke: Wand              |     9 |     1 ||    10
       Piece from Xom's  |       |     1 ||     1
  Use: Scroll            |     4 |       ||     4
Armor: Ring mail         |     9 |       ||     9
       Chain mail        |    59 |    16 ||    75
Dodge: Dodged            |    44 |    10 ||    54

Table legend: (Time is in decaauts)
 A = Elapsed time spent in this place.
 B = Non-inter-level travel time spent in this place.
 C = Inter-level travel time spent in this place.
 D = Time resting spent in this place.
 E = Time spent auto-exploring this place.
 F = Levels seen in this place.
 G = Mean time per level.
                   A        B        C        D        E       F      G
               +--------+--------+--------+--------+--------+-----+--------+
         Total |   2462 |   2347 |    115 |      0 |   1957 |   3 |  820.7 |
       Dungeon |   2462 |   2347 |    115 |      0 |   1957 |   3 |  820.7 |
               +--------+--------+--------+--------+--------+-----+--------+

Top non-repeatable levels by time:
     D:2: 1391 daAuts
     D:1: 918 daAuts
     D:3: 152 daAuts
